 Dungeon Crawl Stone Soup version 0.28.0 (webtiles) character file.

Game seed: 8717845824976255803

64 zkyp the Skirmisher (level 4, -2/44 HPs)
             Began as a Naga Berserker on Feb 9, 2022.
             Was a Believer of Trog.
             Slain by an orc (4 damage)
             ... on level 2 of the Dungeon.
             The game lasted 00:01:49 (1593 turns).

zkyp the Skirmisher (Naga Berserker)                Turns: 1593, Time: 00:01:50

Health: -2/44      AC:  5    Str: 21    XL:     4   Next: 12%
Magic:  4/4        EV:  9    Int:  8    God:    Trog [**....]
Gold:   75         SH:  0    Dex: 10    Spells: 3/3 levels left

rFire   . . .      SeeInvis +   f - +0 whip (elec)
rCold   . . .      Faith    .   (no shield)
rNeg    . . .      Spirit   .   g - +0 ring mail
rPois   +          Reflect  .   (no helmet)
rElec   .          Harm     .   (no cloak)
rCorr   .          Rampage  .   n - +0 pair of gloves
Will    .....                   (no barding)
Stlth   ..........              (no amulet)
HPRegen 0.14/turn               (no ring)
MPRegen 0.09/turn               (no ring)

@: on berserk cooldown, slowed, very slow
A: AC +1, large, see invisible, deformed body, poison resistance, slowness 2,
spit poison 1, naga tail 1
a: Spit Poison, Renounce Religion, Berserk, Trog's Hand


You were on level 2 of the Dungeon.
You worshipped Trog.
Trog was pleased with you.
You visited 1 branch of the dungeon, and saw 2 of its levels.

You collected 75 gold pieces.

Inventory:

Hand Weapons
 a - a +0 hand axe
 f - a +0 whip of electrocution (weapon)
Armour
 g - a +0 ring mail (worn)
 n - a +0 pair of gloves (worn)
Scrolls
 b - a scroll of fear {unknown}
 c - a scroll of enchant weapon {unknown}
 d - 3 scrolls of identify {unknown}
 h - a scroll of teleportation {unknown}
 i - 2 scrolls of vulnerability {unknown}
 j - a scroll of amnesia {unknown}
 k - a scroll of holy word {unknown}
 l - a scroll of noise {unknown}
Potions
 e - a potion of degeneration {unknown}
 m - a potion of mutation {unknown}


   Skills:
 + Level 3.8 Fighting
 - Level 3.5(3.8) Axes
 * Level 2.0(3.0) Maces & Flails
 - Level 1.5 Armour
 - Level 1.5 Dodging


You had 3 spell levels left.
You didn't know any spells.
Your spell library was empty.

Dungeon Overview and Level Annotations

Branches:
Dungeon (2/15)

Altars:


Innate Abilities, Weirdness & Mutations

Your serpentine skin is tough. (AC +1)
You have supernaturally acute eyesight. (SInv)
Armour fits poorly on your strangely shaped body.
Your system is resistant to poisons. (rPois)
You cover ground very slowly.
You can spit poison.
You have a snake-like lower body.


Message History

The kobold hits you with a +0 short sword.
You closely miss the kobold. Your punch misses the kobold.
You closely miss the kobold.
The kobold hits you with a +0 short sword.
You closely miss the kobold. You closely miss the kobold.
The kobold hits you but does no damage.
You barely miss the kobold.
The kobold hits you with a +0 short sword.
You barely miss the kobold. You whack the kobold!
You kill the kobold!
Trog accepts your kill. The orc hits you but does no damage. x2
Items here: )) [ †††.
You whack the orc!
You kill the orc!
Trog accepts your kill. The orc hits you with a +0 flail.
Your base Maces & Flails skill increases to level 2!
You barely miss the orc priest.
The orc priest hits you with a +0 hand axe.
The orc hits you but does no damage.
You completely miss the orc priest.
An adder comes into view.
The adder hisses angrily.
You whack the orc priest!
The orc priest is severely wounded.
You are no longer berserk.
You are exhausted.
You feel yourself slow down.
The orc priest calls down the wrath of Beogh upon you.
Pain shoots through your body!
* * * LOW HITPOINT WARNING * * *
The orc hits you with a +0 flail!
* * * LOW HITPOINT WARNING * * *
You hit the orc priest.
You kill the orc priest!
Trog accepts your kill. The orc hits you with a +0 flail.
You die...

###### .....#######
####.#..†..#
#.#.###.# ####.#.#
#.# .....#.# #.#
#######... .......#
#.# #o)...S...
######## #.#
#@#####.Ko
######.#####.######.
.........)...........
########......#######
########


You could see an adder and an orc.

Vanquished Creatures
  An orc priest (D:2)
  An adder (D:2)
  2 dart slugs (D:1)
  2 orcs (D:2)
  3 ball pythons
  6 bats
  7 endoplasms
  3 giant cockroaches (D:1)
  5 goblins
  6 hobgoblins (D:1)
  3 kobolds
  A quokka (D:2)
  A frilled lizard (D:1)
  3 rats (D:1)
44 creatures vanquished.

Notes
Turn   | Place    | Note
-------+----------+-------------------------------------------
     0 | D:1      | zkyp the Naga Berserker began the quest for the Orb.
     0 | D:1      | Reached XP level 1. HP: 21/21 MP: 1/1
    28 | D:1      | Reached XP level 2. HP: 20/28 MP: 2/2
   662 | D:1      | Reached XP level 3. HP: 29/34 MP: 3/3
   989 | D:1      | Reached skill level 1 in Maces & Flails
  1060 | D:1      | Reached ** piety under Trog
  1463 | D:2      | Found a faded altar of an unknown god.
  1576 | D:2      | Reached XP level 4. HP: 25/44 MP: 4/4
  1592 | D:2      | HP: 2/44 [orc (7)]
  1593 | D:2      | Slain by an orc

Illustrated notes

Levels and vault maps discovered:
D:1:      minmay_arrival_semitransparent, layout_loops_corners,
          minmay_misc_feat_chi, minmay_hexomino_c4
D:2:      layout_loops_ring, serial_aquarium, aquarium_bridge_square
          [aquarium_subvault_balcony, aquarium_subvault_bridge,
          aquarium_subvault_bridge, aquarium_subvault_wall],
          aquarium_window_corridor_3, aquarium_window_1, aquarium_view_2f,
          aquarium_view_2c, nicolae_ecumenical_oubliette

Skill      XL: |  1  2  3  4 |
---------------+-------------+-----
Maces & Flails | 1 2 |  2.0
Fighting       | |  3.8
Axes           | |  3.5
Armour         | |  1.5
Dodging        | |  1.5

Action                   |  1- 3 |  4- 6 || total
-------------------------+-------+-------++-------
Melee: Hand axe          |    35 |       ||    35
       Whip              |    54 |    16 ||    70
Invok: Berserk           |     2 |     1 ||     3
 Abil: Spit Poison       |     1 |       ||     1
 Stab: Sleeping          |     1 |       ||     1
Armor: Animal skin       |     8 |       ||     8
       Ring mail         |    27 |     5 ||    32
Dodge: Dodged            |    61 |       ||    61
